 Dungeon Crawl Stone Soup version 0.30-a0-313-gae38170b09 (webtiles) character file.

Game seed: 6661114406434610033

87 NinjaNoafa the Slasher (level 4, -1/41 HPs)
             Began as a Hill Orc Monk on Oct 26, 2022.
             Slain by a howler monkey (7 damage)
             ... on level 4 of the Dungeon.
             The game lasted 00:02:54 (2732 turns).

NinjaNoafa the Slasher (Hill Orc Monk)              Turns: 2732, Time: 00:02:55

Health: -1/41      AC:  3    Str: 13    XL:     4   Next: 51%
Magic:  4/4        EV: 12    Int: 10    God:
Gold:   156        SH:  0    Dex: 15    Spells: 3/3 levels left

rFire   . . .      SeeInvis .    a - +0 falchion
rCold   . . .      Faith    +    (no shield)
rNeg    . . .      Spirit   .    b - +0 robe
rPois   .          Reflect  .    m - +0 helmet
rElec   .          Harm     .    (no cloak)
rCorr   .          Rampage  .    (no gloves)
Will    .....                    (no boots)
Stlth   +.........               j - amulet of faith
HPRegen 0.26/turn                (no ring)
MPRegen 0.09/turn                (no ring)

@: confused, attractive, hasted, very quick
A: no striking features
a: no special abilities


You were on level 4 of the Dungeon.
You visited 1 branch of the dungeon, and saw 4 of its levels.

You collected 156 gold pieces.

Inventory:

Hand Weapons
 a - a +0 falchion (weapon)
Missiles
 k - 6 stones (quivered)
 n - 7 poisoned darts
Armour
 b - a +0 robe (worn)
 m - a +0 helmet (worn)
Jewellery
 j - an amulet of faith (around neck)
 l - an amulet of magic regeneration
Wands
 p - a wand of charming (9)
Scrolls
 d - 2 scrolls of identify {unknown}
 g - a scroll of fear {unknown}
 i - 4 scrolls of teleportation {unknown}
 q - a scroll of amnesia {unknown}
 r - a scroll of enchant weapon {unknown}
 s - a scroll of enchant armour {unknown}
 t - a scroll of vulnerability {unknown}
Potions
 c - a potion of ambrosia
 e - a potion of haste


   Skills:
 + Level 4.7 Fighting
 - Level 5.0 Long Blades
 - Level 2.4 Dodging
 - Level 1.5 Stealth


You had 3 spell levels left.
You didn't know any spells.
Your spell library was empty.

Dungeon Overview and Level Annotations

Branches:
Dungeon (4/15)
 Temple: D:4-7

Altars:
The Shining One

Annotations:
D:4 Sigmund


Message History

You hear a shout!
You barely miss the hobgoblin.
The hobgoblin is almost dead.
The hobgoblin barely misses you. Sigmund barely misses you.
You barely miss the hobgoblin.
The hobgoblin is almost dead.
You slash the hobgoblin!
You kill the hobgoblin!
Sigmund casts a spell at you.
You struggle to resist.
You closely miss the howler monkey. The howler monkey hits you.
* * * LOW HITPOINT WARNING * * *
You hit the howler monkey.
The howler monkey is moderately wounded.
Sigmund points at you and mumbles some strange words.
You are confused.
The howler monkey hits you.
* * * LOW HITPOINT WARNING * * *
Found 19 gold pieces.
An adder comes into view.
Sigmund closely misses you.
The howler monkey hoots and howls with incredible vigour!
Sigmund is attracted toward you. The adder is attracted toward you.
Sigmund seems less brilliant.
The adder bites you but does no damage.
The howler monkey is attracted toward you.
You are too confused!
Sigmund hits you from afar with a +0 scythe.
* * * LOW HITPOINT WARNING * * *
You feel as though your hastened speed will last longer.
The howler monkey completely misses you.
The adder barely misses you.
The howler monkey hoots and howls with incredible vigour!
You hear an angry buzzing noise. x2; You hear a bark! x2
The howler monkey is attracted toward you.
The adder is attracted toward you.
The howler monkey is attracted toward you.
Sigmund is attracted toward you. The adder is attracted toward you.
The howler monkey hits you!
You die...

#......."..#....##.......#..
....#.....##......##.##.....
#....................##.....
#...................####...
#....†#.##..#....... ##..
###.......####..... .#.
##§..#..## ...... ##.
###.§###h.# .. . #....§.@S@#
# ##...§...## #####.### ###


You could see Sigmund, a howler monkey and an adder.

Vanquished Creatures
  3 adders
  2 worms
  3 dart slugs
  5 endoplasms
  2 giant cockroaches (D:1)
  4 goblins
  3 hobgoblins
  2 jackals (D:1)
  4 quokkas
  4 ball pythons (D:1)
  5 bats
  4 frilled lizards
  5 rats
46 creatures vanquished.

Notes
Turn   | Place    | Note
-------+----------+-------------------------------------------
     0 | D:1      | NinjaNoafa the Hill Orc Monk began the quest for the Orb.
     0 | D:1      | Reached XP level 1. HP: 19/19 MP: 1/1
    88 | D:1      | Reached XP level 2. HP: 17/26 MP: 2/2
   154 | D:1      | Reached skill level 4 in Long Blades
   602 | D:1      | Reached XP level 3. HP: 31/31 MP: 3/3
  1120 | D:2      | Reached skill level 5 in Long Blades
  1187 | D:2      | Found a glowing golden altar of the Shining One.
  1336 | D:2      | Reached XP level 4. HP: 18/40 MP: 4/4
  2696 | D:4      | Noticed Sigmund
  2732 | D:4      | Slain by a howler monkey

Illustrated notes

Levels and vault maps discovered:
D:1:      lightli_arrival_maybe_door_vault, layout_rooms, minmay_domino_4
D:2:      layout_basic, basic_altar, chequers_hall_statues_wall_a,
          nrook_loot_triangle
D:3:      layout_basic
D:4:      layout_cave_pools, kennysheep_cluttered_room, uniq_sigmund

Skill      XL: |  1  2  3 |
---------------+----------+-----
Long Blades    | 4 5 |  5.0
Fighting       | 4 |  4.7
Dodging        | |  2.4
Stealth        | |  1.5

Action                   |  1- 3 |  4- 6 || total
-------------------------+-------+-------++-------
Melee: Falchion          |   105 |    48 ||   153
       Punch             |       |     1 ||     1
  Use: Potion            |       |     5 ||     5
 Stab: Sleeping          |     4 |     3 ||     7
Armor: Robe              |    31 |    12 ||    43
Dodge: Dodged            |    86 |    27 ||   113

Table legend: (Time is in decaauts)
 A = Elapsed time spent in this place.
 B = Non-inter-level travel time spent in this place.
 C = Inter-level travel time spent in this place.
 D = Time resting spent in this place.
 E = Time spent auto-exploring this place.
 F = Levels seen in this place.
 G = Mean time per level.
                   A        B        C        D        E       F      G
               +--------+--------+--------+--------+--------+-----+--------+
         Total |   2733 |   2667 |     66 |      0 |   2241 |   4 |  683.2 |
       Dungeon |   2733 |   2667 |     66 |      0 |   2241 |   4 |  683.2 |
               +--------+--------+--------+--------+--------+-----+--------+

Top non-repeatable levels by time:
     D:2: 979 daAuts
     D:1: 850 daAuts
     D:3: 825 daAuts
     D:4: 77 daAuts
